 Dungeon Crawl Stone Soup version 0.30.1-4-g462c640d31 (webtiles) character file.

Game seed: 14277918719555279972

103 Descartes the Charlatan (level 4, 0/21 HPs)
             Began as a Spriggan Wanderer on Aug 13, 2023.
             Slain by an orc
             ... wielding a +0 club
              (2 damage)
             ... on level 3 of the Dungeon.
             The game lasted 00:03:16 (2614 turns).

Descartes the Charlatan (Spriggan Wanderer)         Turns: 2614, Time: 00:03:17

Health: 0/21       AC:  2    Str: 12    XL:     4   Next: 51%
Magic:  10/10      EV: 16    Int: 15    God:
Gold:   93         SH:  0    Dex:  7    Spells: 10/10 levels left

rFire   . . .        m - +6 mace "Newtslayer" {elec, Str+2 Dex-5 Stlth+}
rCold   . . .        (no shield)
rNeg    . . .        e - +0 robe
rPois   .            (helmet restricted)
rElec   .            (no cloak)
rCorr   .            (gloves unavailable)
SInv    +            (boots unavailable)
Will    .....        (no amulet)
Stlth   ++           (no ring)
HPRegen 0.23/turn    (no ring)
MPRegen 0.12/turn

%: no passive effects
@: very quick
A: very small, no large weapons, unfitting armour, see invisible, speed 3
a: no special abilities


You were on level 3 of the Dungeon.
You visited 1 branch of the dungeon, and saw 3 of its levels.

You collected 93 gold pieces.

Inventory:

Hand Weapons
 a - a +0 dagger
 m - the +6 mace "Newtslayer" (weapon) {elec, Str+2 Dex-5 Stlth+}
   (You found it on level 2 of the Dungeon)

   Str:       It affects your strength (+2).
   Dex:       It affects your dexterity (-5).
   Stlth:     It makes you more stealthy.
 t - a +0 sling of flaming
Missiles
 b - 11 poisoned darts (quivered)
 j - 39 stones
Armour
 e - a +0 robe (worn)
Wands
 c - a wand of charming (13)
Scrolls
 d - 2 scrolls of fear
 f - a scroll of magic mapping {unknown}
 h - 2 scrolls of noise {unknown}
 i - 3 scrolls of vulnerability {unknown}
 o - 2 scrolls of identify {unknown}
 p - a scroll of teleportation {unknown}
 v - a scroll of amnesia {unknown}
Potions
 g - a potion of flight {unknown}
 k - a potion of brilliance {unknown}
 l - a potion of curing
 n - a potion of lignification {unknown}
 q - a potion of mutation {unknown}
 r - a potion of magic {unknown}
 s - 2 potions of might {unknown}
 u - a potion of cancellation {unknown}


   Skills:
 - Level 2.0 Throwing
 + Level 2.4 Dodging
 + Level 3.6 Spellcasting
 + Level 2.1 Poison Magic
 + Level 1.1 Invocations
 + Level 7.2 Evocations


You had 10 spell levels left.
You didn't know any spells.
Your spell library contained the following spells:

 Spells                   Type           Power      Damage    Failure   Level
 Poisonous Vapours        Pois/Air       10%        N/A       19%         2
 Cigotuvi's Dreadful Rot  Necr/Pois/Air  8%         N/A       22%         2
 Summon Guardian Golem    Hex/Summ       2%         N/A       50%         3
 Orb of Destruction       Conj           1%         9d5       100%        7
 Spellforged Servitor     Conj/Summ      1%         N/A       100%        7


Dungeon Overview and Level Annotations

Branches:
Dungeon (3/15)

Altars:
Elyvilon
Nemelex Xobeh
Vehumet

Shops:
D:1 (


Innate Abilities, Weirdness & Mutations

You are very small and have problems with some larger weapons.
You are too small for most types of armour.
You have supernaturally acute eyesight. (SInv)
You cover ground extremely quickly. (Speed+++)


Message History

The orc barely misses you.
You closely miss the orc. The orc misses you. The orc completely misses you.
The orc barely misses you. The orc hits you with a +0 mace.
The orc hits you with a +0 club. The orc misses you.
You hit the orc.
The orc is severely wounded.
The orc misses you. x3
You closely miss the orc.
The orc is severely wounded.
The orc hits you but does no damage. The orc hits you with a +0 mace.
The orc hits you with a +0 club. The orc misses you.
The orc hits you but does no damage. The orc hits you with a +0 club.
You are too injured to fight recklessly!
You are too injured to fight recklessly!
You are too injured to fight recklessly!
You are too injured to fight recklessly!
You are too injured to fight recklessly!
You are too injured to fight recklessly!
You are too injured to fight recklessly!
You are too injured to fight recklessly!
You are too injured to fight recklessly!
You are too injured to fight recklessly!
You are too injured to fight recklessly!
Unknown command.
There is an open door here.
There is an open door here.
You closely miss the orc. The orc barely misses you.
You sock the orc!
You kill the orc!
You hit the orc.
The orc is almost dead.
The orc barely misses you.
You closely miss the orc.
The orc is almost dead.
The orc hits you with a +0 mace!
* * * LOW HITPOINT WARNING * * *
You sock the orc!
You kill the orc!
The orc hits you with a +0 club.
You die...

.##.# .##.###.. ..#
.##.#.... ....#
###.#.#.##.##.# ##+##
###.#.#.##.##.# ##...##
....#.#.#..##.# ##.....##
#####.........# ##.......##
#####.........####.........#
................@o.........+
######........####.........#
# #.......## ##.......## #
#.......# ##.....## #
#.......# ##...## #
#####.### ####'#### # #.#
#.......# # #.# #...†.).#
#.# #.....#.#


You could see an orc.

Vanquished Creatures
  4 adders
  2 dart slugs
  3 orcs (D:3)
  4 ball pythons
  4 bats
  4 endoplasms
  5 giant cockroaches
  10 goblins
  2 hobgoblins (D:3)
  3 jackals (D:3)
  6 kobolds
  3 quokkas
  5 frilled lizards
  3 rats
58 creatures vanquished.

Notes
Turn   | Place    | Note
-------+----------+-------------------------------------------
     0 | D:1      | Descartes the Spriggan Wanderer began the quest for the
                  | Orb.
     0 | D:1      | Descartes set off with the following items: a +0 dagger, 11
                  | poisoned darts, a wand of charming (13), a scroll of fear,
                  | a +0 robe; and the following spells available to memorise:
                  | Poisonous Vapours, Cigotuvi's Dreadful Rot.
     0 | D:1      | Reached XP level 1. HP: 9/9 MP: 5/5
   147 | D:1      | Reached skill level 1 in Dodging
   170 | D:1      | Reached XP level 2. HP: 9/13 MP: 6/6
   704 | D:1      | Found Xuecitag's Weapon Shop.
   746 | D:1      | Reached XP level 3. HP: 15/16 MP: 8/8
  1431 | D:2      | Identified the +6 mace "Newtslayer" {elec, Str+2 Dex-5
                  | Stlth+}
  1561 | D:2      | Reached skill level 7 in Evocations
  2325 | D:3      | Reached XP level 4. HP: 17/21 MP: 10/10
  2405 | D:3      | Found a white marble altar of Elyvilon.
  2447 | D:3      | Found a radiant altar of Vehumet.
  2477 | D:3      | Found a sparkling altar of Nemelex Xobeh.
  2560 | D:3      | Reached skill level 1 in Invocations
  2614 | D:3      | Slain by an orc

Illustrated notes

Levels and vault maps discovered:
D:1:      dpeg_chamrin_arrival_tetris, layout_loops_cross, serial_shops,
          nicolae_shop_back_alley_shop, roderic_lattice_a,
          grunt_decor_resistance, hangedman_decor_growths
D:2:      layout_loops_corners
D:3:      layout_loops_corners, mainiacjoe_overflow_small_starburst,
          mainiacjoe_overflow_brackets, vehumet_crystals,
          nzn_wu_jian_council_hall, nicolae_dithmenos_through_a_glass_darkly

Skill      XL: |  1  2  3  4 |
---------------+-------------+-----
Dodging        | 1 2 |  2.4
Spellcasting   | 3 |  3.6
Evocations     | 7 |  7.2
Poison Magic   | 2 |  2.1
Invocations    | 1 |  1.1
Throwing       | |  2.0

Action                     |  1- 3 |  4- 6 || total
---------------------------+-------+-------++-------
  Melee: Dagger            |   189 |       ||   189
         Punch             |     1 |       ||     1
         Mace              |    26 |    29 ||    55
    Use: Potion            |     1 |       ||     1
   Stab: Sleeping          |     1 |     2 ||     3
 Armour: Robe              |    40 |     6 ||    46
  Dodge: Dodged            |   177 |    27 ||   204
